 Seeded DCSS version 0.27.1-3-gb3d3a73c9e (webtiles) character file.

Game seed: 17848141825139092340 (custom seed)

20 oldmanjim the Ducker (level 3, -6/27 HPs)
             Began as a Djinni Fire Elementalist on Oct 5, 2021.
             Mangled by Sigmund (11 damage)
             ... on level 2 of the Dungeon.
             The game lasted 00:06:28 (1497 turns).

oldmanjim the Ducker (Djinni Fire Elementalist)     Turns: 1497, Time: 00:06:29

Health: -6/27      AC:  2    Str:  7    XL:     3   Next: 0%
Gold:   59         EV: 12    Int: 17    God:
                   SH:  0    Dex: 13

rFire    + + .     SeeInvis .   b - +0 short sword
rCold    x . .     Faith    +   (no shield)
rNeg     . . .     Spirit   .   a - +0 robe
rPois    ∞         Reflect  .   (no helmet)
rElec    .         Harm     .   (no cloak)
rCorr    .         Rampage  .   (no gloves)
Will     .....                  (boots unavailable)
Stlth    ++........             f - amulet of faith
HPRegen  0.09/turn              (no ring)
MPRegen  0.00/turn              (no ring)

@: flying
A: sickness immunity, fire resistance 2, cold vulnerability 1, float, innate
caster, hp casting, extra vitality 1
a: no special abilities


You were on level 2 of the Dungeon.
You visited 1 branch of the dungeon, and saw 2 of its levels.

You collected 59 gold pieces.

Inventory:

Hand Weapons
 b - a +0 short sword (weapon)
Missiles
 h - 15 poisoned darts
Armour
 a - a +0 robe (worn)
Jewellery
 f - an amulet of faith (around neck)
 i - an amulet of reflection
Scrolls
 d - a scroll of immolation {unknown}
Potions
 c - a potion of berserk rage {unknown}
 e - a potion of lignification {unknown}
 g - a potion of degeneration {unknown}


   Skills:
 + Level 1.2 Fighting
 + Level 2.7 Dodging
 - Level 2.0 Stealth
 - Level 2.4 Spellcasting


You couldn't memorise any spells.
You knew the following spells:

 Your Spells              Type           Power      Damage    Failure   Level
a - Foxfire               Conj/Fire      40%        2x1d6     7%          1
b - Conjure Flame         Conj/Fire      10%        6-21      21%         3
c - Inner Flame           Hex/Fire       10%        N/A       21%         3
d - Sticky Flame          Conj/Fire      10%        2d3       56%         4
e - Fireball              Conj/Fire      5%         3d5       88%         5
f - Corona                Hex            11%        N/A       7%          1
Your spell library was empty.

Dungeon Overview and Level Annotations

Branches:
Dungeon (2/15)

Altars:

Annotations:
D:2 Natasha, Sigmund


Innate Abilities, Weirdness & Mutations

You are immune to sickness and miasma.
You are immune to poison.
Your flesh is very heat resistant. (rF++)
You are vulnerable to cold. (rC-)
You float through the air rather than walking.
You learn spells naturally, not from books.
Your magical power is your life essence.
You have superior vitality. (+4 HP)


Message History

The ball python hisses angrily.
Casting: Foxfire (safe; 8% risk of failure)
Confirm with . or Enter, or press ? or * to list all spells.
You miscast Foxfire.
You are very lightly contaminated with residual magic.
Nothing appears to happen.
Casting: Foxfire (safe; 8% risk of failure)
Confirm with . or Enter, or press ? or * to list all spells.
You conjure some foxfire!
Your foxfire dissipates!
The foxfire hits the ball python.
You kill the ball python!
You have reached level 3!
Your experience leads to an increase in your attributes!
Increase (S)trength, (I)ntelligence, or (D)exterity?
You feel clever.
The power to cast Corona wells up from within.
Spell assigned to 'f'.
Your foxfire dissipates!
Your magical contamination has completely faded away.
You see here a ball python corpse.
Sigmund the Dreaded comes into view.
He is wielding a +0 scythe.
Sigmund shouts!
Sigmund gestures wildly while chanting.
Sigmund flickers and vanishes!
Deactivating autopickup; reactivate with Ctrl-A.
You see here a ball python corpse.
You are confused.
Natasha, Servant of Life and Death comes into view.
You bump into the rock wall.
An endoplasm comes into view.
Something hits you.
You feel less confused. Natasha claws you. Something hits you!
* * * LOW HITPOINT WARNING * * *
Natasha stares at you and mumbles some strange words.
The magic dart hits you.
* * * LOW HITPOINT WARNING * * *
Something hits you!
You die...

...#.# #.#.# ...#...#<#
......#####.##.....#...#.####
..........†........#...+.....
...........####....#...#.###.
...........# ....#...#.....
..........J# .........#####
###.......####..............
####......h.....8...8...8..##
........##..@.....#...#....#
........##.......###.###...#
.........#........#...#...##
.........#......8...8...8.#
.........#........#...#...#
.........#.......###.###.##
.........###......#...#...#
######......###[8...8...8.#
#....................#


You could see Natasha and an endoplasm.

Vanquished Creatures
  2 dart slugs (D:1)
  3 ball pythons
  3 endoplasms
  A giant cockroach (D:1)
  A goblin (D:1)
  A frilled lizard (D:1)
  4 kobolds (D:1)
  A rat (D:1)
16 creatures vanquished.

Vanquished Creatures (others)
  46 foxfires
46 creatures vanquished.

Grand Total: 62 creatures vanquished

Notes
Turn   | Place    | Note
-------+----------+-------------------------------------------
     0 | D:1      | oldmanjim the Djinni Fire Elementalist began the quest for
                  | the Orb.
     0 | D:1      | Reached XP level 1. HP: 15/15 MP: 0/0
   132 | D:1      | Reached XP level 2. HP: 18/22 MP: 0/0
   625 | D:1      | Reached skill level 1 in Fighting
  1450 | D:2      | Reached XP level 3. HP: 24/27 MP: 0/0
  1450 | D:2      | Learned a level 1 spell: Corona
  1484 | D:2      | Noticed Sigmund
  1488 | D:2      | Noticed Natasha
  1497 | D:2      | Mangled by Sigmund

Illustrated notes

Levels and vault maps discovered:
D:1:      onia_arrival_handbag, layout_basic
D:2:      layout_basic, hellmonk_ecumenical_altar_watching_god, st_stairs_11,
          minmay_misc_feat_four_crosses, uniq_sigmund, uniq_natasha

Skill      XL: |  1  2 |
---------------+-------+-----
Stealth        | 2 |  2.0
Fighting       | 1 |  1.2
Dodging        | |  2.7
Spellcasting   | |  2.4

Action                   || total
-------------------------++-------
Melee: Unarmed           ||    13
       Short sword       ||     3
 Cast: Foxfire           ||    25
 Stab: Sleeping          ||     1
Dodge: Dodged            ||    11
